 Dungeon Crawl Stone Soup version 0.30-a0-12-gd8047c6341 (webtiles) character file.

Game seed: 10140039045183378076

2497 drpainis the Chopper (level 9, -1/117 (118) HPs)
             Began as a Minotaur Berserker on Aug 23, 2022.
             Was a Priest of Trog.
             Slain by a sky beast (6 damage)
             ... on level 7 of the Dungeon.
             The game lasted 00:07:21 (6294 turns).

drpainis the Chopper (Minotaur Berserker)           Turns: 6294, Time: 00:07:23

HP:   -1/117 (118)  AC:  4    Str: 32    XL:     9   Next: 28%
MP:   17/17         EV: 14    Int:  4    God:    Trog [***...]
Gold: 348           SH:  0    Dex: 14    Spells: 8/8 levels left

rFire   + + .      SeeInvis .    p - +3 spear of Peyguku {vamp, rF+ MP+9}
rCold   + . .      Faith    .    (no shield)
rNeg    . . .      Spirit   .    n - +1 leather armour of Disappointment {Contam Str+6 Dex+4 Stlth+}
rPois   .          Reflect  .    (helmet restricted)
rElec   .          Harm     .    r - scarf {rC+ rF+}
rCorr   .          Rampage  .    (no gloves)
Will    ++...                    (no boots)
Stlth   ..........               e - amulet of the acrobat
HPRegen 1.29/turn                (no ring)
MPRegen 0.15/turn                (no ring)

@: berserking (expiring), lethally poisoned (-1 -> -3), strong-willed,
regenerating, lightly drained, very quick
A: horns 2, retaliatory headbutt
a: Renounce Religion, Berserk, Trog's Hand


You were on level 7 of the Dungeon.
You worshipped Trog.
Trog was most pleased with you.
You visited 1 branch of the dungeon, and saw 7 of its levels.

You collected 413 gold pieces.
You spent 65 gold pieces at shops.

Inventory:

Hand Weapons
 a - a +0 hand axe
 p - the +3 spear of Peyguku (weapon) {vamp, rF+ MP+9}
   (You found it on level 4 of the Dungeon)

   It occasionally heals its wielder for a portion of the damage dealt when it
   wounds a living foe.
   rF:        It protects you from fire.
   MP:        It affects your magic capacity (+9).
Missiles
 u - a throwing net (quivered)
Armour
 b - a +0 animal skin
 g - a scarf of shadows
 n - the +1 leather armour of Disappointment (worn) {Contam Str+6 Dex+4 Stlth+}
   (You took it off a goblin on level 3 of the Dungeon)

   Str:       It affects your strength (+6).
   Dex:       It affects your dexterity (+4).
   Contam:    It causes magical contamination when unequipped.
   Stlth:     It makes you more stealthy.
 r - a scarf of resistance (worn)
Jewellery
 e - an amulet of the acrobat (around neck)
 y - a ring of flight
 A - a ring of willpower
Wands
 t - a wand of flame (17)
 x - a wand of charming (5)
 C - a wand of digging (5)
Scrolls
 c - 2 scrolls of teleportation {unknown}
 d - 7 scrolls of identify {unknown}
 h - 2 scrolls of enchant armour {unknown}
 k - 2 scrolls of amnesia {unknown}
 l - 2 scrolls of vulnerability {unknown}
 q - a scroll of brand weapon {unknown}
 s - a scroll of butterflies {unknown}
 v - a scroll of poison {unknown}
 B - a scroll of immolation {unknown}
Potions
 f - a potion of brilliance {unknown}
 i - 3 potions of heal wounds
 j - 3 potions of degeneration {unknown}
 m - 2 potions of cancellation {unknown}
 o - 2 potions of curing {unknown}
 w - 2 potions of might {unknown}
 z - 2 potions of mutation {unknown}
 D - a potion of berserk rage {unknown}
 E - a potion of resistance {unknown}


   Skills:
 + Level 7.5 Fighting
 + Level 7.6(8.6) Axes
 + Level 5.9(7.7) Polearms
 + Level 5.8 Armour
 + Level 6.0 Dodging
 + Level 4.2 Stealth


You had 8 spell levels left.
You didn't know any spells.
Your spell library was empty.

Dungeon Overview and Level Annotations

Branches:
Dungeon (7/15)             Temple (0/1) D:5

Altars:
Xom

Shops:
D:2 =   D:6 :(!


Innate Abilities, Weirdness & Mutations

You have a pair of horns on your head.
You reflexively headbutt those who attack you in melee.


Message History

You furiously retaliate!
You headbutt the orc!!
You kill the orc!
Trog accepts your kill.
The wight completely misses you. x2; You furiously retaliate!
You headbutt the wight!!
You destroy the wight!
Trog accepts your kill.
You feel very sick.
Items here: )) [ †.
Unknown command.
You puncture the wight! Your headbutt misses the wight.
The wight is almost destroyed.
You feel sick. Something hits you but does no damage.
The wight hits you but does no damage. The wight barely misses you.
You furiously retaliate!
You headbutt the wight, but do no damage.
The wight closely misses you.
You hit the wight.
You destroy the wight!
Trog accepts your kill.
You feel sick.
Unknown command.
You puncture the wight!
You destroy the wight!
Trog accepts your kill.
You feel sick. Something hits you but does no damage.
The wight barely misses you.
Your Dodging skill increases to level 6!
Unknown command.
You hit the wight.
The wight is moderately damaged.
You feel sick.
Unknown command.
You puncture the wight!
You destroy the wight!
Trog accepts your kill.
You feel sick. Something hits you.
* * * LOW HITPOINT WARNING * * *
Something shocks you.
You die...

..#[..........(.........##..†.#..
....##..........#...###..........
######..<.........#.######.......
# ###....[.÷....##..............
##....)...÷.÷..................
###..........÷..##)..#.####......
....#.########..)).....# ###.##.
####.. ##.{.###..## .# . ....
#~.)@)##.## ..##. #.>...).....#
.# ......$....#...
#.............. .)#.....!..##...
...#......... .... ...........
##...........


There were no monsters in sight!

Vanquished Creatures
  2 water moccasins
  An ice beast (D:5)
  A sky beast (D:7)
  2 black bears (D:6)
  A centaur (D:6)
  An ogre (D:5)
  2 phantoms
  A necrophage (D:5)
  7 scorpions
  A bullfrog (D:7)
  4 wights (D:7)
  5 killer bees (D:7)
  2 howler monkeys (D:7)
  4 hounds
  An orc priest (D:7)
  A jelly (D:5)
  2 gnoll boudas (D:5)
  3 iguanas
  3 orc wizards
  6 gnolls (D:5)
  5 adders
  A white imp (D:5)
  An ufetubus (D:7)
  A worm (D:3)
  4 dart slugs
  10 orcs
  4 ball pythons
  6 endoplasms
  5 giant cockroaches
  9 goblins
  3 hobgoblins
  7 jackals
  7 kobolds
  6 quokkas
  3 bats
  A frilled lizard (D:1)
  4 rats
127 creatures vanquished.

Notes
Turn   | Place    | Note
-------+----------+-------------------------------------------
     0 | D:1      | drpainis the Minotaur Berserker began the quest for the
                  | Orb.
     0 | D:1      | Reached XP level 1. HP: 19/19 MP: 0/0
   297 | D:1      | Reached XP level 2. HP: 27/27 MP: 1/1
   302 | D:1      | Noticed a golden eye
   305 | D:1      | Found a faded altar of an unknown god.
   310 | D:1      | Noticed an eye of devastation
   319 | D:1      | Noticed a floating eye
   319 | D:1      | Noticed a shining eye
   647 | D:1      | You fall into a shaft and drop 1 floor!
   647 | D:2      | Found Casyvvy's Jewellery Boutique.
   683 | D:2      | Reached XP level 3. HP: 11/33 MP: 2/2
  1249 | D:2      | Reached ** piety under Trog
  1646 | D:2      | Reached XP level 4. HP: 41/41 MP: 3/3
  2181 | D:3      | Identified the +1 leather armour of Disappointment {Contam
                  | Str+6 Dex+4 Stlth+}
  2356 | D:3      | Reached skill level 5 in Axes
  2845 | D:4      | Noticed a scorpion
  2852 | D:4      | Killed a scorpion
  2853 | D:4      | Reached skill level 5 in Fighting
  2853 | D:4      | Reached XP level 5. HP: 36/48 MP: 4/4
  3088 | D:4      | Identified the +3 spear of Peyguku {vamp, rF+ MP+9}
  3407 | D:5      | Entered Level 5 of the Dungeon
  3419 | D:5      | Reached XP level 6. HP: 39/56 MP: 5/5
  3429 | D:5      | Reached skill level 1 in Stealth
  3732 | D:5      | Found a staircase to the Ecumenical Temple.
  3761 | D:5      | Reached XP level 7. HP: 61/61 MP: 6/6
  4079 | D:5      | Reached skill level 1 in Polearms
  4396 | D:5      | Reached XP level 8. HP: 70/70 MP: 7/7
  4396 | D:5      | Identified the +2 robe "Jadduef" {Str+2 Dex-4 Stlth+}
  4623 | D:6      | Found Xano Jelaurph's Distillery.
  4631 | D:6      | Bought a potion of heal wounds for 65 gold pieces
  4658 | D:6      | Identified the +0 leather armour of Depression {Int+4}
  4734 | D:6      | Found a shimmering altar of Xom.
  5040 | D:6      | Reached *** piety under Trog
  5041 | D:6      | Reached skill level 5 in Armour
  5041 | D:6      | Reached skill level 5 in Dodging
  5071 | D:6      | Found Laseih's Book Boutique.
  5647 | D:6      | Found Rugudem's Antique Weapon Emporium.
  5799 | D:7      | Reached skill level 5 in Polearms
  5799 | D:7      | Reached XP level 9. HP: 31/79 MP: 8/8
  6294 | D:7      | HP: 5/117 [something (4)]
  6294 | D:7      | Slain by a sky beast

Illustrated notes

Levels and vault maps discovered:
D:1:      roderic_dead_forest, layout_loops_ring,
          hellmonk_ecumenical_altar_watching_god
D:2:      layout_basic, serial_shops, nicolae_shop_advertising_works
          [nicolae_subvault_shop_adworks], minivault_24, minmay_pentomino_r4
D:3:      layout_loops_corners, minmay_misc_feat_chi
D:4:      layout_rooms
D:5:      layout_basic, temple_pool_b
D:6:      layout_gridville, mainiacjoe_overflow_cross_hatched, serial_shops,
          nicolae_shop_hallway_plus, kennysheep_little_box, nicolae_diamond_shop
D:7:      layout_rooms

Skill      XL: |  1  2  3  4  5  6  7  8  9 |
---------------+----------------------------+-----
Axes           | 4 5 6 7 |  7.6
Fighting       | 4 5 6 7 |  7.5
Dodging        | 3 4 5 6 |  6.0
Armour         | 3 4 5 |  5.8
Stealth        | 1 2 3 4 |  4.2
Polearms       | 2 5 |  5.9

Action                   |  1- 3 |  4- 6 |  7- 9 || total
-------------------------+-------+-------+-------++-------
Melee: Hand axe          |    71 |    56 |       ||   127
       Headbutt          |    11 |    11 |    36 ||    58
       Punch             |     1 |     2 |     2 ||     5
       Spear             |       |    26 |   172 ||   198
Invok: Berserk           |     1 |     2 |     4 ||     7
       Trog's Hand       |       |     1 |     2 ||     3
  Use: Potion            |       |       |     1 ||     1
 Stab: Sleeping          |       |     2 |     5 ||     7
Armor: Animal skin       |    10 |     4 |       ||    14
       Leather armour    |       |    15 |    28 ||    43
Dodge: Dodged            |    41 |    51 |   156 ||   248

Table legend: (Time is in decaauts)
 A = Elapsed time spent in this place.
 B = Non-inter-level travel time spent in this place.
 C = Inter-level travel time spent in this place.
 D = Time resting spent in this place.
 E = Time spent auto-exploring this place.
 F = Levels seen in this place.
 G = Mean time per level.
                   A        B        C        D        E       F      G
               +--------+--------+--------+--------+--------+-----+--------+
         Total |   6320 |   6197 |    123 |      0 |   5206 |   7 |  902.9 |
       Dungeon |   6320 |   6197 |    123 |      0 |   5206 |   7 |  902.9 |
               +--------+--------+--------+--------+--------+-----+--------+

Top non-repeatable levels by time:
     D:6: 1418 daAuts
     D:5: 1216 daAuts
     D:2: 1165 daAuts
     D:3: 929 daAuts
     D:4: 692 daAuts
     D:1: 650 daAuts
     D:7: 247 daAuts
